 Dungeon Crawl Stone Soup version 0.21.1-35-gfefc1aa2bb (webtiles) character file.

583 greenouphe the Cudgeler (level 7, -4/60 HPs)
             Began as a Yellow Draconian Berserker on Aug 1, 2018.
             Was a Priest of Trog.
             Slain by a gnoll
             ... wielding a +0 flail
              (9 damage)
             ... on level 5 of the Dungeon.
             The game lasted 00:25:50 (5698 turns).

greenouphe the Cudgeler (DrBe)                      Turns: 5698, Time: 00:25:53

Health: -4/60      AC:  9    Str: 21    XL:     7   Next: 14%
Magic:  7/7        EV: 13    Int:  8    God:    Trog [***...]
Gold:   145        SH:  0    Dex: 10    Spells: 6/6 levels left

rFire    . . .     SeeInvis .   C - +2 whip (venom)
rCold    . . .     Gourm    .   (no shield)
rNeg     . . .     Faith    .   (armour unavailable)
rPois    .         Spirit   .   (helmet restricted)
rElec    .         Reflect  .   (no cloak)
rCorr    +         Harm     .   q - +2 pair of gloves
MR       .....                  (no boots)
Stlth    +.........             (no amulet)
HPRegen  0.20/turn              (no ring)
MPRegen  0.10/turn              (no ring)

@: lethally poisoned (-4 -> -9), drained
A: spit acid, acid resistance, unfitting armour, cold-blooded, AC +6
a: Breathe Acid, Berserk, Trog's Hand, Burn Spellbooks, Renounce Religion


You were on level 5 of the Dungeon.
You worshipped Trog.
Trog was most pleased with you.
You were very hungry.

You visited 1 branch of the dungeon, and saw 5 of its levels.

You collected 145 gold pieces.

Inventory:

Hand Weapons
 a - a +0 mace
 f - a +0 hand axe
 u - a +0 short sword
 z - a +4 dagger of holy wrath
 A - a +1 dagger of electrocution
 C - a +2 whip of venom (weapon)
Missiles
 n - 4 poisoned needles
 o - a throwing net (quivered)
Armour
 d - a +0 pair of gloves
 g - a +0 leather armour of fire resistance
 q - a +2 pair of gloves (worn)
 t - a cursed -1 leather armour
 y - a +0 robe
Jewellery
 m - an uncursed ring of fire {unknown}
 w - a cursed ring of loudness {unknown}
 x - a cursed -2 ring of evasion {unknown}
 B - a cursed amulet of inaccuracy {unknown}
 D - an uncursed ring of protection from magic {unknown}
Scrolls
 e - 4 scrolls of remove curse {unknown}
 h - a scroll of blinking {unknown}
 i - 4 scrolls of identify {unknown}
 l - 2 scrolls of teleportation {unknown}
 p - 2 scrolls of immolation {unknown}
 v - a scroll of random uselessness {unknown}
 E - 2 scrolls of enchant weapon {unknown}
Potions
 c - a potion of haste {unknown}
 j - a potion of mutation {unknown}
 k - a potion of curing
 r - a potion of agility {unknown}
 s - a potion of magic {unknown}
Comestibles
 b - 12 rations


   Skills:
 + Level 4.7(3.6) Fighting
 + Level 5.8(4.6) Maces & Flails
 + Level 4.9(3.7) Dodging
 + Level 1.4(0.4) Stealth


You had 6 spell levels left.
You didn't know any spells.

Dungeon Overview and Level Annotations

Branches:
Dungeon (5/15)
 Temple: D:4-7

Altars:
Ashenzari
Gozag
Hepliaklqana
Kikubaaqudgha
Sif Muna
Trog

Annotations:
D:5 Sigmund


Innate Abilities, Weirdness & Mutations

You can spit globs of acid.
You are resistant to acid.
Your golden yellow scales are hard. (AC +6)
You cannot fit into any form of body armour.
You are cold-blooded and may be slowed by cold attacks.


Message History

You hit the gnoll but do no damage.
The gnoll is moderately wounded.
The gnoll sergeant barely misses you.
You closely miss the gnoll.
The gnoll is moderately wounded.
The gnoll hits you but does no damage.
The gnoll hits you from afar with a spear!
* * * LOW HITPOINT WARNING * * *
The gnoll sergeant hits you but does no damage.
You are poisoned.
You barely miss the gnoll.
Your tail-slap misses the gnoll.
The gnoll is moderately wounded.
You feel sick. The gnoll barely misses you. The gnoll completely misses you.
You hit the gnoll.
The gnoll is severely wounded.
You feel sick.
The gnoll sergeant hits you from afar with a trident of venom.
* * * LOW HITPOINT WARNING * * *
The gnoll barely misses you. The gnoll hits you with a flail!
You die...

...............
.........?.g...
#..[.......gg..#.#
#..........g...#.#
#........g.....#.#
#..............#.#
#. .......g# # #.#
#. #######g#g#
#.## #. #@†.#
####..# #.
#######.....# #.
.........# #.
####.._..#####.
#.........$.
#.....######
####.## #.# #.#


You could see a gnoll sergeant and 2 gnolls.

Vanquished Creatures
  An ogre (D:4)
  A scorpion (D:4)
  A jelly (D:2)
  5 orc wizards
  A worker ant (D:5)
  A hound skeleton (D:4)
  6 gnolls
  6 adders
  An ooze (D:2)
  4 worms
  2 dart slugs
  2 leopard geckos
  7 orcs
  7 bats
  5 giant cockroaches
  13 goblins
  10 hobgoblins
  13 jackals
  16 kobolds
  2 quokkas
  3 frilled lizards (D:2)
  A jackal skeleton (D:4)
  3 rats
111 creatures vanquished.

Notes
Turn   | Place    | Note
-------+----------+-------------------------------------------
     0 | D:1      | greenouphe the Draconian Berserker began the quest for the Orb.
     0 | D:1      | Reached XP level 1. HP: 19/19 MP: 1/1
   481 | D:1      | Reached XP level 2. HP: 23/26 MP: 2/2
  1237 | D:2      | Found a deep blue altar of Sif Muna.
  1304 | D:2      | Reached XP level 3. HP: 30/31 MP: 3/3
  1705 | D:2      | Found a bloodstained altar of Trog.
  1968 | D:2      | Found an opulent altar of Gozag.
  2172 | D:2      | Reached ** piety under Trog
  2195 | D:2      | Reached XP level 4. HP: 39/40 MP: 4/4
  2238 | D:2      | Reached skill level 4 in Maces & Flails
  2970 | D:3      | Reached XP level 5. HP: 18/46 MP: 5/5
  3537 | D:3      | Reached skill level 1 in Stealth
  3606 | D:3      | Found a shattered altar of Ashenzari.
  3632 | D:3      | Reached *** piety under Trog
  3813 | D:3      | Found a hazy altar of Hepliaklqana.
  4123 | D:4      | Reached skill level 5 in Maces & Flails
  4123 | D:4      | Reached XP level 6. HP: 39/52 MP: 6/6
  4879 | D:5      | Entered Level 5 of the Dungeon
  4914 | D:5      | Found an ancient bone altar of Kikubaaqudgha.
  4935 | D:5      | Noticed Sigmund
  5012 | D:4      | Your scales start taking on a golden yellow colour.
  5012 | D:4      | Reached XP level 7. HP: 29/60 MP: 7/7
  5698 | D:5      | Slain by a gnoll

Skill      XL: |  1  2  3  4  5 |
---------------+----------------+-----
Dodging        | 3 4 |  4.9
Maces & Flails | 4 5 |  5.8
Fighting       | 4 |  4.7
Stealth        | 1 |  1.4

Action                   |  1- 3 |  4- 6 |  7- 9 || total
-------------------------+-------+-------+-------++-------
Melee: Mace              |   143 |   221 |       ||   364
       Tailslap          |    18 |    29 |     5 ||    52
       Whip              |       |    25 |    38 ||    63
  Use: Potion            |       |       |     2 ||     2
  Eat: Chunk             |     4 |     6 |     1 ||    11
       Ration            |       |     1 |       ||     1
Armor: Skin              |    86 |   139 |    15 ||   240
Dodge: Dodged            |   169 |   234 |    27 ||   430
